 Dungeon Sprint DCSS version 0.30.1-11-g7821555f0a (webtiles) character file.

Game seed: 12221343944496002917

12526 Groucho the Unseen (level 11, 66/66 HPs)
             Began as a Spriggan Enchanter on Dec 5, 2023.
             Was the Champion of Dithmenos.
             Got out of the dungeon alive.
             The game lasted 00:17:09 (1408 turns).

Groucho the Unseen (Spriggan Enchanter)             Turns: 1408, Time: 00:17:10

Health: 66/66      AC:  5    Str:  4    XL:     11   Next: 63%
Magic:  23/23      EV: 21    Int: 22    God:    Dithmenos [******]
Gold:   579        SH:  5    Dex: 13    Spells: 11/30 levels left

rFire   x . .        p - +2 dagger (venom)
rCold   . . .        l - +0 buckler
rNeg    . . .        j - +2 robe {Will+}
rPois   .            (helmet restricted)
rElec   .            n - +0 cloak
rCorr   .            (gloves unavailable)
SInv    +            (boots unavailable)
Will    ++...        (no amulet) Stlth ***+++++++
                     (no ring)
HPRegen 0.31/turn    (no ring)
MPRegen 0.18/turn

%: no teleportation
@: wreathed by umbra, very quick
A: very small, no large weapons, unfitting armour, see invisible, speed 3,
clumsy 1, low MP 1, heat vulnerability 1
a: Renounce Religion, Shadow Step, Shadow Form


You escaped.
You worshipped Dithmenos.
Dithmenos was exalted by your worship.
You visited 1 branch You collected 1645 gold pieces.
You spent 1066 gold pieces at shops.

Inventory:

Hand Weapons
 a - a +1 dagger
 i - a +0 shortbow
 p - a +2 dagger of venom (weapon)
Missiles
 q - 2 curare-tipped darts (quivered)
Armour
 j - a +2 robe of willpower (worn)
 l - a +0 buckler (worn)
 n - a +0 cloak (worn)
Wands
 h - a wand of digging (6)
 m - a wand of flame (25)
 o - a wand of iceblast (5)
Scrolls
 b - a scroll of poison {unknown}
 k - 3 scrolls of identify
Potions
 c - a potion of invisibility
 d - a potion of curing
 e - 2 potions of heal wounds
 f - a potion of haste
 g - 2 potions of magic
 s - a potion of resistance


   Skills:
 - Level 12.0 Fighting
 - Level 10.0 Short Blades
 - Level 10.0 Dodging
 - Level 18.0 Stealth
 - Level 5.0 Shields
 - Level 10.0 Spellcasting
 + Level 6.3 Conjurations
 - Level 14.0 Hexes
 - Level 6.0 Necromancy
 - Level 7.0 Earth Magic
 - Level 5.0 Invocations


You had 11 spell levels left.
You knew the following spells:

 Your Spells              Type           Power      Damage    Failure   Level
a - Ensorcelled Hibernat  Hex/Ice        82%        N/A       1%          2
b - Confusing Touch       Hex            64%        N/A       1%          3
c - Dazzling Flash        Conj/Hex       100%       N/A       1%          3
d - Tukima's Dance        Hex            64%        N/A       1%          3
e - Stone Arrow           Conj/Erth      80%        3d12      1%          3
f - Borgnjor's Vile Clut  Necr/Erth      19%        N/A       21%         5

Your spell library contained the following spells:

 Spells                   Type           Power      Damage    Failure   Level
 Sandblast                Erth           82%        2d17      1%          1
 Passwall                 Tmut/Erth      21%        N/A       3%          2
 Alistair's Intoxication  Tmut/Pois      7%         N/A       96%         5
 Eringya's Noxious Bog    Tmut/Pois      5%         N/A       100%        6


Dungeon Overview and Level Annotations

Branches:
Dungeon (1/1)

Altars:
Cheibriados
Dithmenos
Elyvilon
Fedhas
Gozag
Hepliaklqana
Kikubaaqudgha
Makhleb
Nemelex Xobeh
Okawaru
Qazlal
Ru
Sif Muna
Trog
Uskayaw
Vehumet
Wu Jian
Xom
Yredelemnul
Zin
The Shining One
Jiyva
Lugonu

Shops:
D [?:[*(?[**([[!:[!*:[?


Innate Abilities, Weirdness & Mutations

You are very small and have problems with some larger weapons.
You are too small for most types of armour.
You have supernaturally acute eyesight. (SInv)
You cover ground extremely quickly. (Speed+++)
You are clumsy. (Dex -2)
Your magical capacity is low. (-10% MP)
You are vulnerable to heat. (rF-)


Message History

There is an entrance to Deatol's Distillery here.
There is an entrance to Saxitzeg's Armour Shoppe here.
There is an entrance to Regetsit's Book Shop here.
There is an entrance to Kaxiuxt's Distillery here.
r - a potion of mutation;
s - a potion of resistance Thank you for shopping at Kaxiuxt's Distillery!
Really quaff the potion of mutation?
You feel extremely strange.
You lose the ability to read scrolls when taking damage less often.
You no longer become unable to read scrolls after taking damage.
You feel clumsy.
You feel vulnerable to heat.
You feel less energetic.
There is an entrance to Regetsit's Book Shop here.
There is an entrance to Saxitzeg's Armour Shoppe here.
There is an entrance to Deatol's Distillery here.
There is an entrance to Mutyrar's General Store here.
There is an open door here.
You enter the shallow water.
Moving in this stuff is going to be slow.
There is an open door here.
There is an open door here.
There is an open door here.
There is an open door, spattered with blood here.
You see here a +0 longbow.
You enter the shallow water.
Moving in this stuff is going to be slow.
There is an open door here.
You enter the shallow water.
Moving in this stuff is going to be slow.
There is an open door here.
You see here a +0 robe.
There is an open door here.
There is an open door here.
There is an open door here.
There is an open door here.
Things that are here:
a +0 leather armour; a +5 club
There is an open door here.
There is a staircase leading out of the dungeon here.
Are you sure you want to leave the Dungeon?
This will make you lose the game!
You have escaped!

##################
#@.#..'..#.['..#__
#..'[.#.)'..#..'..
#..#####'#####'#__
#..####..#...#.###
#..#__####..##§#~§
#..#_____##'#§§§~~
#⌠⌠#_.∩...'..._#~~
#..._..__##_.#'##'
#..#_____###'#)#(§


There were no monsters in sight!

Vanquished Creatures
  2 centaur warriors (D)
  Sonja (D)
  A deep troll (D)
  A lindwurm (D)
  An oklob plant (D)
  8 shining eyes (D)
  4 demonic crawlers (D)
  2 unseen horrors (D)
  2 kobold demonologists (D)
  A hornet (D)
  Sigmund (D)
  A slime creature (D)
  13 hogs (D)
  A yak (D)
  2 redbacks (D)
  6 floating eyes (D)
  An ogre (D)
  7 necrophages (D)
  8 jellies (D)
  Ijyb (D)
64 creatures vanquished.

Notes
Turn   | Place    | Note
-------+----------+-------------------------------------------
     0 | D        | Groucho the Spriggan Enchanter began the quest for the Orb.
     0 | D        | Reached XP level 1. HP: 9/9 MP: 5/5
     2 | D        | Noticed Ijyb
    11 | D        | Killed Ijyb
    12 | D        | Reached skill level 7 in Stealth
    12 | D        | Reached skill level 5 in Hexes
    12 | D        | Reached XP level 2. HP: 11/13 MP: 6/8
    40 | D        | Noticed an ogre
    42 | D        | Killed an ogre
    43 | D        | Reached skill level 11 in Stealth
    43 | D        | Reached XP level 3. HP: 16/16 MP: 8/11
    43 | D        | Reached XP level 4. HP: 21/21 MP: 9/13
    58 | D        | Learned a level 2 spell: Ensorcelled Hibernation
    62 | D        | Learned a level 3 spell: Confusing Touch
    66 | D        | Learned a level 3 spell: Dazzling Flash
    70 | D        | Learned a level 3 spell: Tukima's Dance
    71 | D        | Noticed Sigmund
    73 | D        | Killed Sigmund
    74 | D        | Reached skill level 14 in Stealth
    74 | D        | Reached XP level 5. HP: 24/24 MP: 13/16
    74 | D        | Reached XP level 6. HP: 28/28 MP: 13/17
    85 | D        | Found a shimmering blue altar of Sif Muna.
    86 | D        | Found an ornate altar of the Wu Jian Council.
    87 | D        | Found a radiant altar of Vehumet.
    93 | D        | Found Aclul's Antique Armour Emporium.
    93 | D        | Found an ancient bone altar of Kikubaaqudgha.
    93 | D        | Found a hazy altar of Hepliaklqana.
    93 | D        | Found a stormy altar of Qazlal.
    93 | D        | Found a hide-covered altar of Uskayaw.
    93 | D        | Found a blossoming altar of Fedhas.
    93 | D        | Found a bloodstained altar of Trog.
    93 | D        | Found an iron altar of Okawaru.
    93 | D        | Found a basalt altar of Yredelemnul.
    93 | D        | Found a glowing golden altar of the Shining One.
    93 | D        | Found a snail-covered altar of Cheibriados.
    93 | D        | Found a sacrificial altar of Ru.
    93 | D        | Found a glowing silver altar of Zin.
    93 | D        | Found a shadowy altar of Dithmenos.
    93 | D        | Found a white marble altar of Elyvilon.
    93 | D        | Noticed a yak
    94 | D        | Found an opulent altar of Gozag.
    95 | D        | Killed a yak
    96 | D        | Reached skill level 16 in Stealth
    96 | D        | Found a sparkling altar of Nemelex Xobeh.
   102 | D        | Became a worshipper of Dithmenos the Shadowed
   105 | D        | Bought a glowing robe for 114 gold pieces
   158 | D        | Found a burning altar of Makhleb.
   158 | D        | Found a shimmering altar of Xom.
   158 | D        | Noticed a slime creature
   159 | D        | Found a viscous altar of Jiyva.
   159 | D        | Found a corrupted altar of Lugonu.
   161 | D        | Killed a slime creature
   162 | D        | Reached skill level 17 in Stealth
   162 | D        | Reached skill level 10 in Hexes
   162 | D        | Reached XP level 7. HP: 32/32 MP: 21/21
   184 | D        | Noticed a centaur warrior
   184 | D        | Noticed a centaur warrior
   185 | D        | Killed a centaur warrior
   186 | D        | Reached skill level 18 in Stealth
   186 | D        | Reached skill level 10 in Spellcasting
   186 | D        | Reached XP level 8. HP: 36/36 MP: 23/23
   186 | D        | Killed a centaur warrior
   186 | D        | Reached * piety under Dithmenos
   187 | D        | Reached skill level 5 in Fighting
   187 | D        | Reached skill level 5 in Short Blades
   196 | D        | Noticed a hornet
   199 | D        | Killed a hornet
   200 | D        | Reached XP level 9. HP: 41/47 MP: 21/24
   238 | D        | Noticed an oklob plant
   240 | D        | Killed an oklob plant
   241 | D        | Reached skill level 10 in Short Blades
   241 | D        | Reached skill level 1 in Invocations
   247 | D        | Reached ** piety under Dithmenos
   248 | D        | Reached skill level 1 in Conjurations
   287 | D        | Noticed an unseen horror
   288 | D        | Noticed an unseen horror
   294 | D        | Killed an unseen horror
   295 | D        | Reached skill level 5 in Invocations
   296 | D        | Killed an unseen horror
   296 | D        | Reached *** piety under Dithmenos
   297 | D        | Reached skill level 5 in Conjurations
   305 | D        | Reached **** piety under Dithmenos
   307 | D        | Reached skill level 5 in Dodging
   320 | D        | Reached ***** piety under Dithmenos
   366 | D        | Reached XP level 10. HP: 51/51 MP: 11/25
   370 | D        | Identified the +7 spear "Vouczetz" {heavy, rElec rC+++}
   444 | D        | Found Nesyarien's Armour Shoppe.
   444 | D        | Found Xaeroa Yvet's Magic Scroll Shop.
   444 | D        | Found Jiubbe Jejo's Assorted Antiques.
   446 | D        | Found Juipenuc's Assorted Antiques.
   446 | D        | Found Kumew's Antique Weapon Shop.
   446 | D        | Found Fetz's Antique Armour Shoppe.
   446 | D        | Found Qeckoom's Armour Boutique.
   446 | D        | Found Kaxiuxt's Distillery.
   446 | D        | Found Regetsit's Book Shop.
   446 | D        | Found Saxitzeg's Armour Shoppe.
   448 | D        | Found Deatol's Distillery.
   449 | D        | Found Zeigh's Book Emporium.
   449 | D        | Found Mutyrar's General Store.
   450 | D        | Found Rogadgh's Magic Scroll Emporium.
   468 | D        | Bought a +0 buckler for 54 gold pieces
   482 | D        | Bought Great Wizards, Vol. II for 380 gold pieces
   485 | D        | Bought a book of Geomancy for 216 gold pieces
   489 | D        | Learned a level 3 spell: Stone Arrow
   495 | D        | Learned a level 5 spell: Borgnjor's Vile Clutch
   535 | D        | Noticed a deep troll
   537 | D        | Killed a deep troll
   538 | D        | Reached skill level 10 in Dodging
   554 | D        | Found Ahyiqes's Armour Emporium.
   562 | D        | Bought a +0 cloak for 58 gold pieces
   574 | D        | Noticed Sonja
   577 | D        | Killed Sonja
   578 | D        | Reached skill level 5 in Shields
   578 | D        | Reached skill level 1 in Earth Magic
   594 | D        | Found Kioracr Teeq's Armour Boutique.
   677 | D        | Reached ****** piety under Dithmenos
   681 | D        | Noticed a demonic crawler
   681 | D        | Noticed a demonic crawler
   681 | D        | Noticed a demonic crawler
   681 | D        | Noticed a demonic crawler
   683 | D        | Killed a demonic crawler
   684 | D        | Killed a demonic crawler
   686 | D        | Killed a demonic crawler
   687 | D        | Killed a demonic crawler
   706 | D        | Noticed a lindwurm
   708 | D        | Killed a lindwurm
   725 | D        | Reached XP level 11. HP: 60/60 MP: 26/26
   806 | D        | Reached skill level 10 in Fighting
  1246 | D        | Noticed a shining eye
  1246 | D        | Noticed a shining eye
  1246 | D        | Noticed a shining eye
  1247 | D        | Noticed a shining eye
  1247 | D        | Noticed a shining eye
  1247 | D        | Noticed a shining eye
  1248 | D        | Noticed a shining eye
  1248 | D        | Noticed a shining eye
  1248 | D        | Paralysed by a floating eye for 3 turns
  1252 | D        | Killed a shining eye
  1258 | D        | Killed a shining eye
  1261 | D        | Killed a shining eye
  1263 | D        | Gained mutation: You are agile. (Dex +4, Str/Int -1) [a
                  | shining eye]
  1264 | D        | Reached skill level 1 in Necromancy
  1265 | D        | Killed a shining eye
  1268 | D        | Lost mutation: You are agile. (Dex +4, Str/Int -1) [a
                  | shining eye]
  1273 | D        | Gained mutation: You occasionally lose the ability to read
                  | scrolls when taking damage. [a shining eye]
  1273 | D        | Gained mutation: You sometimes lose the ability to read
                  | scrolls when taking damage. [a shining eye]
  1274 | D        | Killed a shining eye
  1275 | D        | Reached skill level 5 in Necromancy
  1278 | D        | Killed a shining eye
  1282 | D        | Killed a shining eye
  1285 | D        | Killed a shining eye
  1289 | D        | Found Fokaz's General Store.
  1289 | D        | Found Etiskom's Book Emporium.
  1289 | D        | Found Oneimat's Antique Weapon Boutique.
  1290 | D        | Found Zakiqibruti's Magic Scroll Shoppe.
  1305 | D        | Bought a scroll of identify for 28 gold pieces
  1360 | D        | Bought a potion of mutation for 96 gold pieces
  1360 | D        | Bought a potion of resistance for 120 gold pieces
  1360 | D        | Lost mutation: You sometimes lose the ability to read
                  | scrolls when taking damage. [potion of mutation]
  1360 | D        | Lost mutation: You occasionally lose the ability to read
                  | scrolls when taking damage. [potion of mutation]
  1360 | D        | Gained mutation: You are clumsy. (Dex -2) [potion of
                  | mutation]
  1360 | D        | Gained mutation: You are vulnerable to heat. (rF-) [potion
                  | of mutation]
  1360 | D        | Gained mutation: Your magical capacity is low. (-10% MP)
                  | [potion of mutation]
  1408 | D        | Got out of the dungeon alive.

Illustrated notes

Levels and vault maps discovered:
D:        dungeon_sprint_1 [red_sonja_temple_1, red_sonja_temple_small_1]

Skill      XL: |  1  2  3  4  5  6  7  8  9 10 11 |
---------------+----------------------------------+-----
Stealth        | 7 11 14 17 18 | 18.0
Spellcasting   | 4 6 7 9 10 | 10.0
Hexes          | 5 6 8 10 13 14 | 14.0
Fighting       | 5 8 12 | 12.0
Short Blades   | 7 10 | 10.0
Invocations    | 5 |  5.0
Conjurations   | 5 6 |  6.3
Dodging        | 8 10 | 10.0
Shields        | 5 |  5.0
Earth Magic    | 7 |  7.0
Necromancy     | 6 |  6.0

Action                     |  1- 3 |  4- 6 |  7- 9 | 10-12 || total
---------------------------+-------+-------+-------+-------++-------
  Melee: Dagger            |     7 |     4 |    41 |   125 ||   177
   Cast: Ensorcelled Hiber |       |       |     1 |     1 ||     2
         Confusing Touch   |       |       |     6 |       ||     6
         Dazzling Flash    |       |       |       |     3 ||     3
  Evoke: Wand              |       |       |       |     1 ||     1
    Use: Potion            |     1 |       |       |     2 ||     3
         Scroll            |       |       |     1 |       ||     1
   Stab: Sleeping          |     2 |     4 |    17 |    24 ||    47
         Confused          |       |       |     6 |       ||     6
         Invisible         |       |       |       |     4 ||     4
 Armour: Robe              |       |       |       |     4 ||     4
  Dodge: Dodged            |     3 |       |    16 |    46 ||    65
  Block: Buckler           |       |       |       |     9 ||     9
